 Seeded DCSS version 0.29.1-15-g9cfb28693d (webtiles) character file.

Game seed: 1 (custom seed)

7760 Kazon the Carver (level 11, -5/130 HPs)
             Began as a Barachi Fighter on Mar 29, 2023.
             Was a Believer of the Shining One.
             Slain by a Hell Sentinel (14 damage)
             ... on level 1 of the Abyss on Mar 30, 2023.
             The game lasted 00:38:38 (7357 turns).

Kazon the Carver (Barachi Fighter)                  Turns: 7357, Time: 00:38:38

Health: -5/130     AC: 38    Str: 18    XL:     11   Next: 20%
Magic:  11/13      EV:  3    Int: 10    God:    the Shining One [**....]
Gold:   588        SH: 13    Dex: 14    Spells: 10/10 levels left

rFire   . . .      SeeInvis .   s - +1 long sword (protect)
rCold   . . .      Faith    .   c - +0 buckler
rNeg    + + .      Spirit   .   f - +7 crystal plate armour "Xaefasist" {Slay+3}
rPois   .          Reflect  .   k - +0 helmet
rElec   .          Harm     .   (no cloak)
rCorr   .          Rampage  .   (no gloves)
Will    .....                   m - +2 pair of boots
Stlth   ..........              l - amulet of the acrobat
HPRegen 0.31/turn               r - ring of positive energy
MPRegen 0.13/turn               (no ring)

@: berserking, divinely shielded, under a protective aura, glowing, very quick
A: amphibious, slowness 1, strong legs 1, +LOS
a: Hop, Renounce Religion, Divine Shield


You were on level 1 of the Abyss.
You worshipped the Shining One.
The Shining One was pleased with you.
You visited 2 branches of the dungeon, and saw 11 of its levels.
You visited the Abyss 1 time.

You collected 630 gold pieces.
You spent 42 gold pieces at shops.

Inventory:

Hand Weapons
 e - a +2 dagger of venom
 s - a +1 long sword of protection (weapon)
Missiles
 j - 12 stones (quivered)
 w - 14 boomerangs
 y - 3 curare-tipped darts
 H - 13 poisoned darts
Armour
 c - a +0 buckler (worn)
 f - the +7 crystal plate armour "Xaefasist" (worn) {Slay+3}
   (You acquired it on level 1 of the Dungeon)

   Slay:      It affects your accuracy & damage with ranged weapons and melee
   (+3).
 k - a +0 helmet (worn)
 m - a +2 pair of boots (worn)
Jewellery
 h - a ring of protection from cold
 l - an amulet of the acrobat (around neck)
 r - a ring of positive energy (left hand)
 C - a ring of protection from cold
Wands
 x - a wand of mindburst (17)
 D - a wand of flame (2)
 E - a wand of roots (6)
 G - a wand of paralysis (15)
Scrolls
 i - 11 scrolls of identify
 n - a scroll of immolation
 p - a scroll of poison {unknown}
 q - 3 scrolls of fog {unknown}
 t - a scroll of magic mapping {unknown}
 v - 2 scrolls of noise {unknown}
 A - 2 scrolls of enchant weapon {unknown}
 B - 3 scrolls of teleportation
 I - 3 scrolls of fear
 J - a scroll of summoning {unknown}
 K - a scroll of amnesia {unknown}
Potions
 a - 2 potions of ambrosia {unknown}
 b - 2 potions of berserk rage
 d - 2 potions of might
 g - 2 potions of flight
 o - 2 potions of haste {unknown}
 u - 5 potions of lignification {unknown}
 z - 2 potions of cancellation
 F - 2 potions of curing


   Skills:
 + Level 8.7 Fighting
 + Level 6.4(8.8) Short Blades
 + Level 10.3(11.2) Long Blades
 + Level 5.6 Throwing
 + Level 8.7 Armour
 + Level 4.6 Dodging
 + Level 7.5 Shields
 * Level 3.4 Invocations
 * Level 5.2 Evocations


You had 10 spell levels left.
You didn't know any spells.
Your spell library contained the following spells:

 Spells                   Type           Power      Damage    Failure   Level
 Apportation              Tloc           0%         N/A       100%        1
 Magic Dart               Conj           0%         1d3       100%        1
 Necrotise                Necr           0%         1d4       100%        1
 Sting                    Tmut/Pois      0%         1d3       100%        1
 Summon Small Mammal      Summ           0%         N/A       100%        1
 Call Imp                 Summ           0%         N/A       100%        2
 Poisonous Vapours        Pois/Air       0%         N/A       100%        2
 Mephitic Cloud           Conj/Pois/Air  0%         N/A       100%        3
 Ozocubu's Armour         Ice            0%         N/A       100%        3
 Olgreb's Toxic Radiance  Pois           0%         N/A       100%        4
 Fireball                 Conj/Fire      0%         3d3       100%        5
 Iskenderun's Battlesphe  Conj           0%         2d6       100%        5
 Metabolic Englaciation   Hex/Ice        0%         N/A       100%        5
 Conjure Ball Lightning   Conj/Air       0%         3x3d6     100%        6
 Simulacrum               Ice/Necr       0%         N/A       100%        6
 Orb of Destruction       Conj           0%         9d5       100%        7


Dungeon Overview and Level Annotations

Branches:
Dungeon (10/15)            Temple (1/1) D:7            Lair (0/5) D:10
    Orc: D:9-12

Altars:
Ashenzari
Dithmenos
Elyvilon
Fedhas
Gozag
Hepliaklqana
Kikubaaqudgha
Makhleb
Nemelex Xobeh
Okawaru
Qazlal
Ru
Uskayaw
Vehumet
Wu Jian
Yredelemnul
Zin
The Shining One

Shops:
D:3 (   D:8 ?(==

Annotations:
D:10 Erolcha


Innate Abilities, Weirdness & Mutations

You are amphibious.
You cover ground slowly.
You can hop short distances.
You have an extended range of vision and can be seen from far away.


Message History

A starcursed mass splits.
The Hell Sentinel gestures at you.
The sphere of damnation explodes!
The damnation engulfs you!!!
A small abomination comes into view.
Your shield is strengthened by the Shining One's divine power.
The small abomination hits you!
You hit the small abomination.
Your weapon exudes an aura of protection.
The small abomination is lightly damaged.
You block the small abomination's attack.
You hit the small abomination but do no damage.
The small abomination is lightly damaged.
The small abomination hits you but does no damage.
You slash the small abomination!
The small abomination is heavily damaged.
You barely miss the small abomination.
The small abomination is heavily damaged.
You block the small abomination's attack.
A starcursed mass splits.
The starcursed mass shrieks in your mind.
You slash the small abomination!
You destroy the small abomination!
The Shining One accepts your kill.
You feel better.
A starcursed mass splits.
You hit the Hell Sentinel but do no damage.
The Hell Sentinel gestures at you.
The sphere of damnation explodes!
The damnation engulfs you!!
* * * LOW HITPOINT WARNING * * *
The damnation engulfs the Hell Sentinel.
The Hell Sentinel completely resists.
A starcursed mass splits.
A chorus of shrieks assaults your mind.
* * * LOW HITPOINT WARNING * * *
You hear a hideous shriek!
Unknown command.
A red film seems to cover your vision as you go berserk!
You feel yourself moving faster!
You feel mighty!
The Hell Sentinel hits you but does no damage. x2
You hit the Hell Sentinel but do no damage.
The Hell Sentinel hits you!
You die...

.# #.#...## #
. # #... .
.#.... ##.# #
.#.#.##..#..#.
#. #. .
..###........#
X .. # .#.####
#....## ## .
.#.##.XX#.....
#.# . . ..##
.#...##..# ..
.# #.#
.##.#X.1###.#
#.# . .....#
..#...#@# # .
.. ...
.#...#..#.# #
. ...
.X...##...#.#
... .#..#
#...#.##...
...# ..#. # ..
## #.. .. . ##
. #.# .... ##
. .## ...# #
.#.. .### .. .
#


You could see 3 starcursed masses and a Hell Sentinel.

Vanquished Creatures
  A two-headed ogre (D:9)
  Maggie (D:6)
  A troll (D:10)
  Prince Ribbit (D:9)
  A shadow (D:9)
  A vampire (D:10)
  A yak (D:6)
  2 wyverns
  Eustachio (D:5)
  2 steam dragons
  Menkaure (D:5)
  Edmund (D:6)
  An acid dragon (D:10)
  4 water moccasins
  4 orc warriors
  An ice beast (D:8)
  5 sky beasts
  2 black bears (D:6)
  4 centaurs
  An ogre (D:6)
  A wolf (D:10)
  2 phantoms (D:6)
  2 kobold brigands
  3 necrophages
  A bullfrog (D:7)
  A gnoll sergeant (D:7)
  5 scorpions
  14 wights
  An electric eel (D:10)
  A howler monkey (D:5)
  A small abomination (Abyss:1)
  2 jellies (D:6)
  6 hounds
  7 orc priests
  A gnoll bouda (D:7)
  6 iguanas
  2 orc wizards (D:9)
  Robin (D:3)
  15 gnolls
  12 adders
  3 shadow imps
  2 white imps (D:7)
  An ufetubus (D:5)
  3 worms
  34 orcs
  11 endoplasms
  A giant cockroach (D:1)
  16 goblins
  9 hobgoblins
  A jackal (D:4)
  17 kobolds
  A quokka (D:1)
  5 ball pythons
  4 bats
  3 frilled lizards
  6 rats
237 creatures vanquished.

Vanquished Creatures (others)
  A quokka (D:7)
1 creature vanquished.

Grand Total: 238 creatures vanquished

Notes
Turn   | Place    | Note
-------+----------+-------------------------------------------
     0 | D:1      | Kazon the Barachi Fighter began the quest for the Orb.
     0 | D:1      | Reached XP level 1. HP: 18/18 MP: 1/1
    34 | D:1      | Identified a scroll of acquirement
    34 | D:1      | Acquired the +7 crystal plate armour "Xaefasist" {Slay+3}
   190 | D:1      | Reached XP level 2. HP: 24/24 MP: 2/2
   726 | D:2      | Reached XP level 3. HP: 30/30 MP: 3/3
   911 | D:2      | Reached skill level 3 in Long Blades
  1118 | D:2      | Reached XP level 4. HP: 37/37 MP: 4/4
  1334 | D:3      | Found Umat's Antique Weapon Boutique.
  1589 | D:3      | Reached skill level 4 in Long Blades
  1594 | D:3      | Noticed Robin
  1604 | D:3      | Killed Robin
  1605 | D:3      | Reached skill level 1 in Short Blades
  1609 | D:3      | Reached XP level 5. HP: 24/42 MP: 5/5
  1955 | D:3      | Reached skill level 7 in Long Blades
  1955 | D:3      | Reached XP level 6. HP: 53/53 MP: 6/6
  2064 | D:4      | Reached skill level 5 in Short Blades
  2296 | D:4      | Reached XP level 7. HP: 60/60 MP: 7/7
  2633 | D:4      | Found a hazy altar of Hepliaklqana.
  2912 | D:5      | Entered Level 5 of the Dungeon
  3056 | D:5      | Reached skill level 1 in Evocations
  3109 | D:5      | Reached XP level 8. HP: 63/67 MP: 8/8
  3473 | D:5      | Noticed Menkaure
  3479 | D:5      | Killed Menkaure
  3552 | D:5      | Noticed Eustachio
  3562 | D:5      | Killed Eustachio
  4008 | D:6      | Reached XP level 9. HP: 45/72 MP: 9/9
  4162 | D:7      | Found a staircase to the Ecumenical Temple.
  4220 | Temple   | Entered the Ecumenical Temple
  4245 | Temple   | Became a worshipper of the Shining One
  4304 | D:7      | Found a hide-covered altar of Uskayaw.
  4582 | D:6      | Reached skill level 1 in Invocations
  4599 | D:6      | Reached skill level 8 in Long Blades
  4624 | D:6      | Noticed Edmund
  4650 | D:6      | Killed Edmund
  4654 | D:6      | Reached XP level 10. HP: 35/80 MP: 9/11
  4901 | D:6      | Noticed Maggie
  4918 | D:6      | Killed Maggie
  5081 | D:7      | Found a white marble altar of Elyvilon.
  5179 | D:7      | Reached skill level 9 in Long Blades
  5217 | D:7      | Reached * piety under the Shining One
  5226 | D:7      | Reached skill level 5 in Throwing
  5440 | D:8      | Found Quzidd's Magic Scroll Emporium.
  5445 | D:8      | Bought a scroll of teleportation for 42 gold pieces
  5837 | D:8      | Found Esumer's Weapon Shop.
  6112 | D:8      | Found Heidghoki's Jewellery Shop.
  6147 | D:8      | Found Zoxtaeshakh's Jewellery Boutique.
  6499 | D:9      | Reached ** piety under the Shining One
  6582 | D:9      | Noticed a two-headed ogre
  6595 | D:9      | Killed a two-headed ogre
  6596 | D:9      | Reached skill level 10 in Long Blades
  6596 | D:9      | Reached skill level 5 in Evocations
  6685 | D:9      | Reached XP level 11. HP: 87/87 MP: 13/13
  6819 | D:9      | Noticed Prince Ribbit
  6831 | D:9      | Killed Prince Ribbit
  6987 | D:10     | Entered Level 10 of the Dungeon
  7059 | D:10     | Found a staircase to the Lair.
  7295 | D:10     | Noticed Erolcha
  7295 | Abyss:1  | Cast into level 1 of the Abyss (Erolcha)
  7327 | Abyss:1  | Noticed a Hell Sentinel
  7327 | Abyss:1  | Noticed a starcursed mass
  7357 | Abyss:1  | Slain by a Hell Sentinel

Illustrated notes

Levels and vault maps discovered:
D:1:      dpeg_arrival_three_smaller_balls, layout_basic
D:2:      layout_loops_ring
D:3:      layout_basic, serial_shops, nicolae_shop_stone, st_stairs_9,
          minmay_misc_feat_doors, eino_curves_03, uniq_robin
D:4:      minmay_wonky_spiral, layout_basic,
          mainiacjoe_overflow_surrounded_room, minivault_5
D:5:      layout_cave_pods, uniq_menkaure, uniq_eustachio
D:6:      cheibrodos_barr_body, layout_basic, minmay_crystal_room,
          minmay_pentangle, uniq_maggie, uniq_edmund
D:7:      layout_cave_pools, nicolae_uskayaw_murder_on_the_dancefloor,
          elyvilon_altar_4, minmay_temple_entry_purple_smoke
D:8:      layout_basic, serial_shops, shop_statue, kennysheep_little_box, shop,
          nicolae_shop_window_shopping
D:9:      layout_cave_pools, uniq_prince_ribbit1
D:10:     layout_stronghold, erik_lair_island, serial_shops,
          nicolae_shop_statue_plus, uniq_erolcha
Temple:   nicolae_temple_bog_church
Abyss:1:  base: D:6, minivault_28

Skill      XL: |  1  2  3  4  5  6  7  8  9 10 |
---------------+-------------------------------+-----
Armour         | 4 7 8 |  8.7
Long Blades    | 3 4 7 8 10 | 10.3
Shields        | 4 6 7 |  7.5
Short Blades   | 1 4 5 6 |  6.4
Fighting       | 6 7 8 |  8.7
Throwing       | 4 5 |  5.6
Dodging        | 4 |  4.6
Evocations     | 1 2 3 5 |  5.2
Invocations    | 1 3 |  3.4

Action                   |  1- 3 |  4- 6 |  7- 9 | 10-12 || total
-------------------------+-------+-------+-------+-------++-------
Melee: Long sword        |    78 |       |   211 |   271 ||   560
       Dagger            |     6 |    84 |   110 |       ||   200
Throw: Stone             |     2 |    26 |    37 |    44 ||   109
       Boomerang         |       |       |       |    27 ||    27
       Dart              |       |       |       |     3 ||     3
Invok: Divine Shield     |       |       |       |     2 ||     2
 Abil: Hop               |       |       |     1 |       ||     1
Evoke: Wand              |       |       |     3 |    13 ||    16
  Use: Scroll            |     1 |       |     3 |     2 ||     6
       Potion            |       |     1 |     2 |     4 ||     7
Armor: Scale mail        |    14 |       |       |       ||    14
       Crystal plate arm |    49 |    53 |   258 |   178 ||   538
Dodge: Dodged            |    24 |    14 |    50 |    60 ||   148
Block: Buckler           |    20 |    13 |    73 |    60 ||   166
